 Dungeon Crawl Stone Soup version 0.22.1-1-ga44c0e5 (webtiles) character file.

2978 roasted the Basher (level 9, -6/89 HPs)
             Began as a Troll Berserker on Oct 6, 2018.
             Was an Elder of Trog.
             Mangled by a cyclops (32 damage)
             ... on level 7 of the Dungeon.
             The game lasted 00:57:35 (5411 turns).

roasted the Basher (Troll Berserker)                Turns: 5411, Time: 00:57:36

Health: -6/89      AC:  5    Str: 30    XL:     9   Next: 53%
Magic:  8/8        EV: 12    Int:  3    God:    Trog [****..]
Gold:   325        SH:  0    Dex:  9    Spells: 8/8 levels left

rFire    . . .     SeeInvis .   u - +2 dire flail (protect)
rCold    . . .     Gourm    +   (shield currently unavailable)
rNeg     + . .     Faith    .   x - +0 robe {rN+}
rPois    .         Spirit   .   (helmet restricted)
rElec    .         Reflect  .   (no cloak)
rCorr    .         Harm     .   (gloves unavailable)
MR       .....                  (boots unavailable)
Stlth    +.........             (no amulet)
HPRegen  0.64/turn              (no ring)
MPRegen  0.11/turn              (no ring)

@: about to teleport
A: large, unfitting armour, claws 3, fast metabolism 3, gourmand, regeneration
1, shaggy fur 1, tough skin 2
a: Berserk, Trog's Hand, Brothers in Arms, Renounce Religion


You were on level 7 of the Dungeon.
You worshipped Trog.
Trog was greatly pleased with you.
You were very full.

You visited 2 branches of the dungeon, and saw 8 of its levels.

You collected 325 gold pieces.

Inventory:

Hand Weapons
 i - a +0 flail of crushing
 l - a +4 mace of protection
 u - a +2 dire flail of protection (weapon)
 v - a +2 falchion of holy wrath
Missiles
 f - 3 tomahawks (quivered)
Armour
 x - a +0 robe of positive energy (worn)
Wands
 d - a wand of polymorph (18)
 m - a wand of acid (12)
Scrolls
 a - a scroll of identify
 e - a scroll of teleportation
 j - a scroll of blinking {unknown}
 o - 2 scrolls of immolation {unknown}
 p - a scroll of magic mapping {unknown}
 r - a scroll of fog {unknown}
 s - 2 scrolls of random uselessness {unknown}
 w - a scroll of enchant armour {unknown}
Potions
 c - 6 potions of curing
 g - a potion of agility
 h - a potion of resistance
 n - 2 potions of degeneration {unknown}
 q - a potion of brilliance {unknown}
 t - 2 potions of lignification {unknown}
Comestibles
 b - 16 rations
 k - 8 chunks of flesh


   Skills:
 + Level 5.8 Fighting
 + Level 8.2 Maces & Flails
 + Level 0.3 Throwing
 + Level 5.5 Dodging
 + Level 1.1 Stealth
 + Level 4.7 Unarmed Combat


You had 8 spell levels left.
You didn't know any spells.
Your spell library contained the following spells:

 Spells                   Type           Power        Failure   Level  Hunger
 Confusing Touch          Hex            #.....       52%         1    ##.....
 Confuse                  Hex            #.......     88%         3    ####...
 Gell's Gravitas          Tloc           #.........   88%         3    ####...
 Petrify                  Tmut/Erth      #.......     99%         4    #####..
 Metabolic Englaciation   Hex/Ice        #.........   100%        5    ######.
 Yara's Violent Unravell  Hex/Tmut       #.........   100%        5    ######.


Dungeon Overview and Level Annotations

Branches:
Dungeon (7/15)             Temple (1/1) D:6

Altars:
Ashenzari
Cheibriados
Dithmenos
Elyvilon
Fedhas
Gozag
Hepliaklqana
Kikubaaqudgha
Makhleb
Nemelex Xobeh
Okawaru
Qazlal
Ru
Sif Muna
Trog
Uskayaw
Vehumet
Wu Jian
Xom
Yredelemnul
Zin
The Shining One


Innate Abilities, Weirdness & Mutations

You are too large for most types of armour.
You have claws for hands.
Your metabolism is lightning-fast.
You like to eat raw meat.
Your natural rate of healing is unusually fast.
You are covered in fur. (AC +1)
You have very tough skin. (AC +2)


Message History

The ice beast closely misses you.
You hit the ice beast.
The ice beast is almost dead.
The ice beast closely misses you.
The cyclops throws a large rock.
The large rock hits you but does no damage.
You sock the ice beast!
You kill the ice beast!
Trog accepts your kill.
An orc comes into view. It is wielding a mace.
The orc shouts!
The cyclops throws a large rock.
The large rock hits you!!
You see here a large rock.
The cyclops throws a large rock.
The large rock hits you but does no damage.
You see here a large rock.
The cyclops hits you!
* * * LOW HITPOINT WARNING * * *
As you read the scroll of teleportation, it crumbles to dust.
You feel strangely unstable. The cyclops hits you!!
You die...

################
#..)............
#C.....).C......
#@(#####..#####..
#.((...#..#o.....
#......#..#......
#####..#..#..####
...O..#..#.....
......#..#......
O.#####.F#####..
......#..#o..C..
.....#..#......


You could see a cyclops.

Vanquished Creatures
  2 hippogriffs
  Sigmund (D:2)
  Menkaure (D:4)
  Edmund (D:4)
  3 sky beasts
  An ice beast (D:7)
  3 phantoms
  4 ogres
  2 centaurs (D:7)
  Blork the orc (D:4)
  3 scorpions
  3 crimson imps
  3 orc priests (D:4)
  2 hounds
  10 orc wizards
  An iguana (D:4)
  Terence (D:2)
  4 worker ants
  A howler monkey zombie (D:5)
  6 adders
  2 shadow imps
  An ooze (D:1)
  An adder skeleton (D:7)
  4 worms
  A dart slug (D:2)
  2 leopard geckos
  33 orcs
  2 ball pythons (D:3)
  7 bats
  5 giant cockroaches
  3 goblins
  6 hobgoblins
  11 jackals
  7 kobolds
  4 quokkas
  5 frilled lizards
  8 rats
  A bush (D:6)
  4 plants (D:1)
160 creatures vanquished.

Notes
Turn   | Place    | Note
-------+----------+-------------------------------------------
     0 | D:1      | roasted the Troll Berserker began the quest for the Orb.
     0 | D:1      | Reached XP level 1. HP: 22/22 MP: 0/0
   245 | D:1      | Reached XP level 2. HP: 22/29 MP: 1/1
   391 | D:1      | Found a shattered altar of Ashenzari.
  1036 | D:2      | Reached XP level 3. HP: 35/36 MP: 2/2
  1059 | D:2      | Reached XP level 4. HP: 15/45 MP: 3/3
  1177 | D:2      | Noticed Sigmund
  1187 | D:2      | Killed Sigmund
  1187 | D:2      | Reached XP level 5. HP: 53/53 MP: 4/4
  1242 | D:2      | Reached ** piety under Trog
  1329 | D:2      | Noticed Terence
  1350 | D:2      | Killed Terence
  1350 | D:2      | Reached XP level 6. HP: 35/61 MP: 5/5
  1400 | D:2      | Found a hazy altar of Hepliaklqana.
  1707 | D:3      | Found a faded altar of an unknown god.
  1713 | D:3      | Reached skill level 1 in Maces & Flails
  2268 | D:4      | Noticed Edmund
  2384 | D:4      | Noticed Menkaure
  2393 | D:4      | Killed Menkaure
  2393 | D:4      | Reached *** piety under Trog
  2393 | D:4      | Reached skill level 2 in Maces & Flails
  2393 | D:4      | Reached XP level 7. HP: 19/68 MP: 6/6
  2444 | D:4      | Noticed Blork the orc
  2450 | D:4      | Killed Blork the orc
  2639 | D:4      | Reached skill level 3 in Maces & Flails
  2784 | D:4      | Killed Edmund
  3049 | D:4      | Reached skill level 4 in Maces & Flails
  3288 | D:5      | Entered Level 5 of the Dungeon
  3388 | D:5      | Reached XP level 8. HP: 56/79 MP: 7/7
  3569 | D:5      | Reached **** piety under Trog
  3588 | D:5      | Reached skill level 5 in Maces & Flails
  3695 | D:5      | Reached skill level 5 in Fighting
  3812 | D:5      | Noticed a hippogriff
  3824 | D:5      | Killed a hippogriff
  3824 | D:5      | Reached skill level 6 in Maces & Flails
  3831 | D:5      | Reached skill level 5 in Dodging
  3939 | D:6      | Found a staircase to the Ecumenical Temple.
  4003 | D:6      | Found an ornate altar of the Wu Jian Council.
  4099 | D:6      | Found a deep blue altar of Sif Muna.
  4126 | D:6      | Found a shimmering altar of Xom.
  4150 | D:6      | Found a sparkling altar of Nemelex Xobeh.
  4167 | D:6      | Found a radiant altar of Vehumet.
  4337 | D:6      | Reached XP level 9. HP: 88/88 MP: 8/8
  4507 | Temple   | Entered the Ecumenical Temple
  4702 | D:7      | Reached skill level 7 in Maces & Flails
  4987 | D:7      | Found a shadowy altar of Dithmenos.
  5188 | D:7      | Reached skill level 1 in Stealth
  5265 | D:7      | Noticed a cyclops
  5306 | D:7      | Reached skill level 8 in Maces & Flails
  5411 | D:7      | Mangled by a cyclops

Skill      XL: |  1  2  3  4  5  6  7  8  9 |
---------------+----------------------------+-----
Dodging        | 3 4 5 |  5.5
Fighting       | 3 4 5 |  5.8
Unarmed Combat | 4 |  4.7
Maces & Flails | 2 4 6 8 |  8.2
Stealth        | 1 |  1.1
Throwing       | |  0.3

Action                   |  1- 3 |  4- 6 |  7- 9 || total
-------------------------+-------+-------+-------++-------
Melee: Unarmed           |   113 |       |       ||   113
       Punch             |     1 |     4 |     2 ||     7
       Mace              |       |   154 |    82 ||   236
       Dire flail        |       |       |   273 ||   273
Throw: Tomahawk          |     1 |       |     3 ||     4
  Use: Scroll            |       |     8 |     5 ||    13
       Potion            |       |       |     1 ||     1
 Stab: Sleeping          |       |       |     1 ||     1
  Eat: Chunk             |    10 |    16 |    29 ||    55
Armor: Animal skin       |    16 |    87 |    77 ||   180
       Robe              |       |       |    53 ||    53
Dodge: Dodged            |    31 |   129 |   171 ||   331
